 Dungeon Crawl Stone Soup version 0.31-a0-152-g6aa68a64a1 (webtiles) character file.

Game seed: 10543492597227429381

211 qw the Shooter (level 5, -9/33 HPs)
             Began as a Gargoyle Hunter on June 10, 2023.
             Mangled by Duvessa
             ... wielding a +0 short sword
              (17 damage)
             ... on level 4 of the Dungeon.
             The game lasted 00:01:06 (2355 turns).

qw the Shooter (Gargoyle Hunter)                    Turns: 2355, Time: 00:01:07

Health: -9/33      AC: 11    Str: 15    XL:     5   Next: 88%
Magic:  5/5        EV: 16    Int:  9    God:
Gold:   276        SH:  0    Dex: 15    Spells: 4/4 levels left

rFire   . . .        Y - +0 shortbow
rCold   . . .        (shield currently unavailable)
rNeg    + . .        a - +0 ring mail
rPois   inf          j - +0 helmet
rElec   +            (no cloak)
rCorr   .            (no gloves)
SInv    .            k - +0 pair of boots
Will    .....        (no amulet)
Stlth   +            b - +5 ring of evasion
HPRegen 0.25/turn    (no ring)
MPRegen 0.09/turn

%: no passive effects
@: no status effects
A: sickness immunity, AC +4, negative energy resistance 1, electricity
resistance, torment resistance 1, petrification resistance
a: no special abilities


You were on level 4 of the Dungeon.
You visited 1 branch of the dungeon, and saw 4 of its levels.

You collected 276 gold pieces.


Innate Abilities, Weirdness & Mutations

You are immune to sickness and miasma.
Your stone body is resilient. (AC +4)
You are immune to poison.
You resist negative energy. (rN+)
You are resistant to electric shocks. (rElec)
You are resistant to unholy torment.
You are immune to petrification.


   Skills:
 + Level 3.8 Fighting
 - Level 6.0 Ranged Weapons
 - Level 1.4 Armour
 - Level 1.5 Dodging
 - Level 1.1 Stealth


You had 4 spell levels left.
You didn't know any spells.
Your spell library was empty.

Inventory:

Hand Weapons
 Y - a +0 shortbow (weapon)
Armour
 a - a +0 ring mail (worn)
 j - a +0 helmet (worn)
 k - a +0 pair of boots (worn)
Jewellery
 b - a +5 ring of evasion (left hand)
Potions
 c - a potion of haste
 d - a potion of mutation {unknown}
 e - 3 potions of curing
 f - a potion of berserk rage {unknown}
 g - a potion of heal wounds {unknown}
 h - a potion of resistance {unknown}
 i - a potion of enlightenment {unknown}

Dungeon Overview and Level Annotations

Branches:
Dungeon (4/15)
 Temple: D:4-7

Altars:
Gozag
Sif Muna
Wu Jian

Shops:
D:1 !

Annotations:
D:4 1 runed translucent door, Crazy Yiuf, Dowan, Duvessa


Message History

Duvessa is heavily wounded.
Duvessa hits you but does no damage.
Dowan gestures wildly while chanting.
Dowan blinks!
You shoot an arrow.
The arrow hits Duvessa but does no damage.
Duvessa is heavily wounded.
Duvessa hits you but does no damage.
You shoot an arrow.
The arrow hits Duvessa but does no damage.
Duvessa is heavily wounded.
Duvessa drinks a potion.
Duvessa seems to grow stronger.
You shoot an arrow.
The arrow hits Duvessa but does no damage.
Duvessa is heavily wounded.
Duvessa hits you with a +0 short sword!
Dowan says, "There's a certain beauty in death, don't you think?"
Duvessa hits you but does no damage.
You shoot an arrow.
The arrow hits Duvessa but does no damage.
Duvessa is heavily wounded.
Duvessa misses you.
You shoot an arrow. The arrow hits Duvessa!
Duvessa is severely wounded.
Duvessa hits you with a +0 short sword. Dowan closely misses you.
You shoot an arrow. The arrow hits Duvessa.
Duvessa is almost dead.
Duvessa hits you with a +0 short sword. Dowan gestures at you while chanting.
The puff of frost misses you.
You shoot an arrow.
The arrow hits Duvessa but does no damage.
Duvessa is almost dead.
Duvessa hits you with a +0 short sword! Dowan hits you but does no damage.
You shoot an arrow.
The arrow hits Duvessa but does no damage.
Duvessa is almost dead.
Duvessa hits you with a +0 short sword!
Ouch! That really hurt!
You die...

#....... ### #.......
####.. #....... ###.....
......%###########...##..
####..##............######
.........############
####.##.## #)### #.e@#
###e# #...# ......e #
........e. . #...."..... #
#.......... #.....$..).
..#...#...r


You could see Duvessa (strong) and Dowan.

Vanquished Creatures
  An orc priest (D:3)
  A sleepcap (D:4)
  Jessica (D:2)
  3 adders
  An ufetubus (D:4)
  3 dart slugs
  3 worms (D:2)
  8 orcs
  2 ball pythons (D:2)
  7 endoplasms
  6 giant cockroaches
  8 hobgoblins
  2 quokkas (D:2)
  2 bats
  13 goblins
  4 kobolds
  8 rats
73 creatures vanquished.

Notes
Turn   | Place    | Note
-------+----------+-------------------------------------------
     0 | D:1      | qw the Gargoyle Hunter began the quest for the Orb.
     0 | D:1      | Reached XP level 1. HP: 12/12 MP: 1/1
     0 | D:1      | 0 ||| qw: Version: 0.2-a-29-g767f381
     0 | D:1      | 0 ||| qw: Game counter: 3873
     0 | D:1      | 0 ||| qw: Always use a shield: true
     0 | D:1      | 0 ||| qw: God list: Okawaru
     0 | D:1      | 0 ||| qw: Allow faded altars: false
     0 | D:1      | 0 ||| qw: Do Orc after D:15 true
     0 | D:1      | 0 ||| qw: Do second Lair branch before Depths: true
     0 | D:1      | 0 ||| qw: Lair rune preference: random
     0 | D:1      | 0 ||| qw: Plans: Normal, Zot:1-4, Slime:5, God:TSO, Crypt,
                  | Tomb, Abyss, Pan, Hells, Win
     0 | D:1      | 0 ||| PLANNING D:1-11
   192 | D:1      | Found Laih's Distillery.
   202 | D:1      | 202 ||| SHOPLISTING potion of curing (39 gold, have 0).
   202 | D:1      | 202 ||| SHOPLISTING potion of haste (130 gold, have 0).
   202 | D:1      | 202 ||| SHOPLISTING potion of heal wounds (65 gold, have
                  | 0).
   202 | D:1      | 202 ||| SHOPLISTING potion of lignification (39 gold, have
                  | 0).
   202 | D:1      | 202 ||| SHOPLISTING potion of mutation (104 gold, have 0).
   233 | D:1      | Reached XP level 2. HP: 17/17 MP: 2/2
   872 | D:1      | 872 ||| DRINKING 2 black potions.
   873 | D:1      | 873 ||| DROPPING scroll of butterflies.
   941 | D:2      | Reached XP level 3. HP: 21/21 MP: 3/3
   959 | D:2      | Reached skill level 5 in Ranged Weapons
  1066 | D:2      | Noticed Jessica
  1073 | D:2      | Killed Jessica
  1074 | D:2      | Reached skill level 3 in Fighting
  1074 | D:2      | Reached XP level 4. HP: 17/28 MP: 4/4
  1550 | D:2      | 1550 ||| FLEEEEING.
  1554 | D:2      | 1554 ||| FLEEEEING.
  1555 | D:2      | 1555 ||| FLEEEEING.
  1556 | D:2      | 1556 ||| FLEEEEING.
  1557 | D:2      | 1557 ||| FLEEEEING.
  1558 | D:2      | 1558 ||| FLEEEEING.
  1559 | D:2      | 1559 ||| FLEEEEING.
  1560 | D:2      | 1560 ||| FLEEEEING.
  1561 | D:2      | 1561 ||| FLEEEEING.
  1562 | D:2      | 1562 ||| FLEEEEING.
  1563 | D:2      | 1563 ||| FLEEEEING.
  1568 | D:2      | 1568 ||| FLEEEEING.
  1569 | D:2      | 1569 ||| STAIRDANCE
  1580 | D:1      | 1580 ||| READING 2 scrolls labelled VYKLEON SUDGHU.
  1581 | D:1      | 1581 ||| READING scroll labelled ERCHAO CUPLIATU.
  1584 | D:1      | 1584 ||| DROPPING scroll of amnesia.
  1673 | D:3      | Reached XP level 5. HP: 32/32 MP: 5/5
  1832 | D:3      | Reached skill level 6 in Ranged Weapons
  1963 | D:3      | Found an ornate altar of the Wu Jian Council.
  1973 | D:3      | Found an opulent altar of Gozag.
  1978 | D:3      | Found a shimmering blue altar of Sif Muna.
  2127 | D:3      | 2127 ||| UPGRADING to +0 ring mail.
  2137 | D:3      | 2137 ||| DROPPING +0 leather armour.
  2138 | D:3      | 2138 ||| UPGRADING to +0 helmet.
  2143 | D:3      | 2143 ||| UPGRADING to +0 pair of boots.
  2148 | D:3      | 2148 ||| UPGRADING to +5 ring of evasion.
  2149 | D:3      | 2149 ||| READING scroll labelled HAPPAGUHUDO.
  2187 | D:4      | Reached skill level 1 in Armour
  2187 | D:4      | 2187 ||| FLEEEEING.
  2188 | D:4      | 2188 ||| FLEEEEING.
  2189 | D:4      | 2189 ||| FLEEEEING.
  2240 | D:4      | Found a runed translucent door.
  2241 | D:4      | Noticed Crazy Yiuf
  2335 | D:4      | Identified the +9 hand axe "Nouth" {holy, Int+4 Dex-4}
  2339 | D:4      | Noticed Duvessa
  2339 | D:4      | Noticed Dowan
  2340 | D:4      | 2340 ||| Stepping ~*~*~tactically~*~*~ (outnumbered).
  2354 | D:4      | HP: 8/33 [Duvessa/+0 short sword (9)]
  2355 | D:4      | Mangled by Duvessa

Levels and vault maps discovered:
D:1:      minmay_arrival_arboretum_large, layout_basic, serial_shops,
          nicolae_square_shop, minmay_cupped
D:2:      kennysheep_the_goblin_king, layout_rooms,
          minmay_fractal_squares_gapless_5, uniq_jessica
D:3:      layout_rooms, minitemple, chequers_serial_rivers_micro_a,
          nrook_loot_triangle
D:4:      layout_rooms, serial_park_tiny_pond, uniq_ijyb,
          uniq_crazy_yiuf_cottage, uniq_duvessa

Skill      XL: |  1  2  3  4  5 |
---------------+----------------+-----
Ranged Weapons | 5 6 |  6.0
Fighting       | 3 |  3.8
Armour         | 1 |  1.4
Dodging        | |  1.5
Stealth        | |  1.1

Action                     |  1- 3 |  4- 6 || total
---------------------------+-------+-------++-------
   Fire: Shortbow          |    85 |   154 ||   239
    Use: Potion            |     1 |       ||     1
         Scroll            |       |     3 ||     3
 Armour: Leather armour    |    13 |    20 ||    33
         Ring mail         |       |     7 ||     7
  Dodge: Dodged            |    19 |    47 ||    66

Table legend:
 A = Non-vault XP
 B = Vault XP
 C = Vault XP percentage of total XP
 D = Non-vault monster count
 E = Vault monster count
 F = Vault count percentage of total count
                 A         B        C        D         E       F
            +---------+---------+-------+---------+---------+-------
      Total |     232 |      70 |  23.2 |      58 |      15 |  20.5
            +---------+---------+-------+---------+---------+-------
        D:1 |      21 |       5 |  19.2 |      11 |       4 |  26.7
        D:2 |      72 |      65 |  47.4 |      27 |      11 |  28.9
        D:3 |      72 |       0 |   0.0 |      14 |       0 |   0.0
        D:4 |      67 |       0 |   0.0 |       6 |       0 |   0.0
            +---------+---------+-------+---------+---------+-------
